 Dungeon Crawl Stone Soup version 0.20-a0-1124-g2e29d97 (webtiles) character file.

6729 anfisbena the Cleaver (level 11, -6/99 HPs)
             Began as a Hill Orc Fighter on May 15, 2017.
             Was a Priest of Uskayaw.
             Killed from afar by a gargoyle (17 damage)
             ... with a stone arrow
             ... on level 10 of the Dungeon.
             The game lasted 00:10:21 (9588 turns).

anfisbena the Cleaver (Hill Orc Fighter)            Turns: 9588, Time: 00:10:22

Health: -6/99      AC: 17    Str: 20    XL:     11   Next: 4%
Magic:  16/16      EV:  4    Int:  8    God:    Uskayaw [***...]
Gold:   479        SH:  9    Dex: 13    Spells: 10/10 levels left

rFire    . . .     SeeInvis +   C - +1 hand axe (elec)
rCold    . . .     Gourm    .   c - +0 shield
rNeg     . . .     Faith    .   k - +0 plate armour
rPois    +         Spirit   .   A - +0 helmet
rElec    .         Reflect  .   (no cloak)
rCorr    .         Harm     .   (no gloves)
MR       .....     Rnd*Rage +   K - +0 pair of boots
Stlth    ..........             (no amulet)
Regen    0.3/turn               y - ring of poison resistance
MPRegen  0.2/turn               u - ring of see invisible

@: no status effects
A: berserk 1, evolution 2
a: Stomp, Line Pass, Renounce Religion


You were on level 10 of the Dungeon.
You worshipped Uskayaw.
Uskayaw was noncommittal.
You were hungry.

You visited 2 branches of the dungeon, and saw 11 of its levels.

You collected 500 gold pieces.
You spent 21 gold pieces at shops.

Inventory:

Hand Weapons
 a - a +0 war axe
 C - a +1 hand axe of electrocution (weapon)
Armour
 c - a +0 shield (worn)
 k - a +0 plate armour (worn)
 A - a +0 helmet (worn)
 K - a +0 pair of boots (worn)
Jewellery
 u - a ring of see invisible (right hand)
 y - a ring of poison resistance (left hand)
Wands
 E - a wand of polymorph (7/24)
 J - a wand of polymorph (14/24)
Scrolls
 b - 2 scrolls of random uselessness {unknown}
 h - 2 scrolls of recharging
 n - 2 scrolls of enchant armour {unknown}
 o - 6 scrolls of teleportation {unknown}
 p - a scroll of remove curse
 q - 2 scrolls of fear {unknown}
 r - a scroll of enchant weapon {unknown}
 s - 2 scrolls of noise {unknown}
 t - 5 scrolls of identify
 w - 2 scrolls of blinking {unknown}
 F - a scroll of immolation {unknown}
 I - 2 scrolls of amnesia {unknown}
Potions
 e - 9 potions of curing
 i - 4 potions of haste
 j - 2 potions of berserk rage {unknown}
 v - a potion of ambrosia {unknown}
 x - 3 potions of magic {unknown}
 B - 2 potions of heal wounds {unknown}
 D - a potion of degeneration {unknown}
Books
 d - a book of Cantrips

   Spells                             Type                      Level
   a - Confusing Touch                Hexes                        1
   b - Animate Skeleton               Necromancy                   1
   c - Summon Small Mammal            Summoning                    1
   d - Apportation                    Translocation                1
 l - a book of Misfortune

   Spells                             Type                      Level
   a - Confusing Touch                Hexes                        1
   b - Confuse                        Hexes                        3
   c - Gell's Gravitas                Translocation                3
   d - Petrify                        Transmutation/Earth          4
   e - Metabolic Englaciation         Hexes/Ice                    5
   f - Yara's Violent Unravelling     Hexes/Transmutation          5
 H - a book of Flames

   Spells                             Type                      Level
   a - Flame Tongue                   Conjuration/Fire             1
   b - Throw Flame                    Conjuration/Fire             2
   c - Conjure Flame                  Conjuration/Fire             3
   d - Inner Flame                    Hexes/Fire                   3
   e - Sticky Flame                   Conjuration/Fire             4
   f - Fireball                       Conjuration/Fire             5
Comestibles
 f - 4 bread rations
 g - 3 meat rations
 m - 17 fruits
 z - 3 royal jellies
 G - 4 chunks of flesh


   Skills:
 - Level 10.1 Fighting
 + Level 12.9 Axes
 * Level 10.0 Armour
 - Level 3.2 Shields
 + Level 7.5 Invocations


You had 10 spell levels left.
You didn't know any spells.

Dungeon Overview and Level Annotations

Branches:
Dungeon (10/15)            Temple (1/1) D:4             Orc (0/2) D:9
   Lair: D:8-11

Altars:
Elyvilon
Gozag
Kikubaaqudgha
Makhleb
Nemelex Xobeh
Okawaru
Ru
Sif Muna
Uskayaw
Wu Jian
Xom
Zin
Beogh

Shops:
D:4 :   D:7 *   D:8 *


Innate Abilities, Weirdness & Mutations

You tend to lose your temper in combat.
You rapidly evolve.


Message History

The gargoyle hurls a stone arrow at you.
The stone arrow hits you!
* * * LOW HITPOINT WARNING * * *
You barely miss the gargoyle.
The gargoyle is severely damaged.
You block the gargoyle's attack.
You hit the gargoyle.
The gargoyle is severely damaged.
You hit the gargoyle but do no damage.
The gargoyle is severely damaged.
You block the gargoyle's attack.
The gargoyle hurls a stone arrow at you.
The stone arrow hits you!
* * * LOW HITPOINT WARNING * * *
Found 19 gold pieces.
You see here a hippogriff corpse.
It was a potion of curing.
You feel better.
The gargoyle hurls a stone arrow at you.
The stone arrow hits you!
You die...

. .## # ..# .# #
#.###.### ..
#.......# ...#
#.......#
.....###<......#
#$..#.......#
#.@.9.....#
###.<.....#
#.......#
##.#.#### ...#
.... ..... ....


You could see a gargoyle.

Vanquished Creatures
  A two-headed ogre (D:9)
  A lindwurm (D:8)
  A centaur skeleton (D:8)
  A troll (D:9)
  2 hippogriffs
  An acid dragon (D:9)
  7 orc warriors
  A phantom (D:8)
  4 black bears
  3 sky beasts
  6 ogres
  6 centaurs
  A wyvern zombie (D:7)
  A wyvern skeleton (D:9)
  3 scorpions
  6 killer bees (D:8)
  4 wights (D:8)
  A howler monkey (D:6)
  A bullfrog zombie (D:9)
  6 crimson imps
  6 hounds
  3 jellies
  9 orc priests
  3 bullfrog skeletons
  An iguana (D:5)
  7 worker ants
  7 orc wizards
  3 hound zombies
  2 hound skeletons
  2 worker ant zombies
  11 adders
  4 gnolls (D:5)
  2 shadow imps (D:6)
  An adder zombie (D:8)
  An adder skeleton (D:9)
  2 worms (D:2)
  4 leopard geckos
  39 orcs
  A ball python (D:2)
  6 giant cockroaches
  6 goblins
  3 hobgoblins (D:1)
  2 jackals (D:8)
  6 quokkas
  6 bats
  3 frilled lizards
  2 jackal skeletons
  2 jackal zombies
  6 kobolds
  A leopard gecko skeleton (D:6)
  A quokka skeleton (D:8)
  4 rats
213 creatures vanquished.

Notes
Turn   | Place    | Note
-------+----------+-------------------------------------------
     0 | D:1      | anfisbena the Hill Orc Fighter began the quest for the Orb.
     0 | D:1      | Reached XP level 1. HP: 19/19 MP: 1/1
   202 | D:1      | Reached skill level 3 in Axes
   265 | D:1      | Reached XP level 2. HP: 27/27 MP: 2/2
  1044 | D:2      | Reached skill level 4 in Axes
  1044 | D:2      | Reached XP level 3. HP: 10/33 MP: 3/3
  1708 | D:2      | Found a white marble altar of Elyvilon.
  2170 | D:3      | Reached XP level 4. HP: 41/41 MP: 4/4
  2282 | D:3      | You fall through a shaft!
  2287 | D:4      | Found a staircase to the Ecumenical Temple.
  2302 | D:4      | Reached skill level 5 in Fighting
  2302 | D:4      | Reached skill level 5 in Axes
  2306 | Temple   | Entered the Ecumenical Temple
  2312 | Temple   | Became a worshipper of Uskayaw the Reveler
  2374 | D:4      | Reached * piety under Uskayaw
  2395 | D:4      | Found Qait's Book Emporium.
  2407 | D:4      | Reached XP level 5. HP: 35/48 MP: 5/5
  2407 | D:4      | Reached ** piety under Uskayaw
  2895 | D:4      | Reached skill level 6 in Axes
  2897 | D:4      | Reached XP level 6. HP: 50/57 MP: 6/6
  3347 | D:4      | Found a deep blue altar of Sif Muna.
  3563 | D:5      | Entered Level 5 of the Dungeon
  3563 | D:5      | Found a sparkling altar of Nemelex Xobeh.
  3866 | D:5      | Reached skill level 7 in Axes
  3866 | D:5      | Reached *** piety under Uskayaw
  3870 | D:5      | Reached XP level 7. HP: 60/64 MP: 7/7
  3870 | D:5      | Reached **** piety under Uskayaw
  4600 | D:5      | Reached skill level 8 in Axes
  4790 | D:6      | Reached XP level 8. HP: 68/74 MP: 8/8
  4995 | D:6      | Reached skill level 9 in Axes
  5401 | D:6      | Found a glowing silver altar of Zin.
  5718 | D:6      | Reached skill level 10 in Axes
  5958 | D:6      | Reached skill level 10 in Fighting
  5958 | D:6      | Reached XP level 9. HP: 17/85 MP: 9/9
  6348 | D:7      | Reached skill level 1 in Invocations
  6582 | D:7      | Found Vosisk's General Store.
  6794 | D:7      | Reached skill level 11 in Axes
  6798 | D:7      | Gained mutation: You evolve. [mutagenic meat]
  6840 | D:7      | Gained mutation: You rapidly evolve. [mutagenic meat]
  6892 | D:8      | Noticed a two-headed ogre
  6908 | D:8      | Reached skill level 5 in Armour
  6965 | D:8      | Reached ***** piety under Uskayaw
  6991 | D:8      | Noticed a lindwurm
  6991 | D:8      | a two-headed ogre changed into a lindwurm
  6999 | D:8      | Killed a lindwurm
  7357 | D:8      | Reached XP level 10. HP: 40/93 MP: 13/13
  7698 | D:8      | Found Nepoe's Assorted Antiques.
  7704 | D:8      | Reached skill level 5 in Invocations
  7707 | D:8      | Bought a scroll labeled JAGE NUNIOH for 21 gold pieces
  7861 | D:8      | Reached skill level 12 in Axes
  8583 | D:9      | Found an opulent altar of Gozag.
  8787 | D:9      | Gained mutation: You tend to lose your temper in combat. [evolution]
  8899 | D:9      | Noticed a two-headed ogre
  8907 | D:9      | Killed a two-headed ogre
  9174 | D:9      | Found a staircase to the Orcish Mines.
  9178 | D:9      | Found a roughly hewn altar of Beogh.
  9329 | D:9      | Reached XP level 11. HP: 91/99 MP: 16/16
  9555 | D:10     | Entered Level 10 of the Dungeon
  9579 | D:10     | Reached skill level 10 in Armour
  9587 | D:10     | HP: 2/99 [gargoyle/stone arrow (22)]
  9588 | D:10     | Killed from afar by a gargoyle

Vault maps used:
D:1:      minmay_arrival_open_corners
D:2:      overflow_temple_1_default
D:3:      first_bread
D:4:      led_sif_pool, temple_fountains, serial_shops, shop_statue
D:5:      nemelex_xobeh_ov_fountains_minmay
D:6:      corexii_shack_village, zin_scriptorium, kennysheep_generic_room_13
D:7:      serial_shops, shop, hex_large, the_bakery
D:8:      serial_shops, shop, enter_bailey_2, minmay_bent
D:9:      grunt_gozag_statues, minmay_orc_entry_temple_small, serial_park_tiny_2
D:10:     minmay_lair_entry_lava, serial_shops, shop, uniq_snorg
Temple:   eino_narrow_crystal_temple

Skill      XL: |  1  2  3  4  5  6  7  8  9 10 11 |
---------------+----------------------------------+-----
Axes           | 3 4 5 6 7 8 10 11 12 | 12.9
Fighting       | 4 5 6 8 10 | 10.1
Invocations    | 4 7 |  7.5
Armour         | 7 9 10 | 10.0
Shields        | |  3.2

Action                   |  1- 3 |  4- 6 |  7- 9 | 10-12 || total
-------------------------+-------+-------+-------+-------++-------
Melee: War axe           |   142 |   155 |   138 |       ||   435
       Hand axe          |       |       |   127 |   194 ||   321
Evoke: Wand              |       |       |     2 |       ||     2
  Use: Scroll            |     3 |       |     1 |       ||     4
       Potion            |       |       |     1 |     1 ||     2
 Stab: Paralysed         |       |     3 |     9 |    21 ||    33
  Eat: Chunk             |     3 |     7 |    11 |     7 ||    28
       Fruit             |       |       |     1 |     1 ||     2
Armor: Scale mail        |    16 |       |       |       ||    16
       Plate armour      |    84 |   103 |   143 |    94 ||   424
Dodge: Dodged            |    27 |    17 |    32 |    22 ||    98
Block: Shield            |    81 |    59 |   123 |    74 ||   337
